 Dungeon Crawl Stone Soup version 0.19-a0-1041-g82b1012 (webtiles) character file.

1953 4thArraOfDagon the Cleaver (level 8, -4/96 HPs)
             Began as a Minotaur Berserker on July 30, 2016.
             Was a Priest of Trog.
             Slain by a stone giant (10 damage)
             ... on level 2 of the Orcish Mines.
             The game lasted 00:07:57 (1468 turns).

4thArraOfDagon the Cleaver (Minotaur Berserker)     Turns: 1468, Time: 00:07:57

Health: -4/96      AC: 16    Str: 29    XL:     8   Next: 99%
Magic:  7/7        EV:  8    Int:  4    God:    Trog [***...]
Gold:   575        SH:  0    Dex: 10    Spells: 0 memorised, 7 levels left

rFire  . . .     SeeInvis .     r - +0 war axe
rCold  . . .     Gourm    .     v - +0 plate armour
rNeg   . . .     Faith    .     (no shield)
rPois  .         Spirit   .     (helmet unavailable)
rElec  .         Dismiss  .     p - +1 cloak
rCorr  .         Reflect  .     (no gloves)
SustAt .         Harm     .     (no boots)
MR     ++...                    (no amulet)
Stlth  ..........               (no ring)
                                (no ring)

@: berserking, regenerating, very quick, very resistant to hostile enchantments,
extremely unstealthy
A: retaliatory headbutt, hooves 1, horns 3, no device heal 1
a: Berserk, Trog's Hand, Burn Spellbooks, Renounce Religion


You were on level 2 of the Orcish Mines.
You worshipped Trog.
Trog was most pleased with you.
You were not hungry.

You visited 2 branches of the dungeon, and saw 11 of its levels.

You collected 659 gold pieces.
You spent 84 gold pieces at shops.

Inventory:

Hand Weapons
 a - a +0 hand axe
 n - a +0 hand axe
 r - a +0 war axe (weapon)
Armour
 b - a +0 animal skin
 k - a +1 cloak
 l - a +0 ring mail
 m - a +0 chain mail
 p - a +1 cloak (worn)
 v - a +0 plate armour (worn)
 w - a troll hide
Wands
 i - a wand of disintegration (8/24)
Scrolls
 d - 3 scrolls of immolation
 f - a scroll of amnesia {unknown}
 j - 2 scrolls of remove curse {unknown}
 o - a scroll of random uselessness {unknown}
Potions
 e - 2 potions of curing {unknown}
 g - 2 potions of heal wounds
 h - 2 potions of flight
 s - a potion of brilliance
Comestibles
 c - 3 bread rations
 t - a meat ration
 u - 4 chunks of flesh


   Skills:
 - Level 3.6 Fighting
 * Level 11.8 Axes
 + Level 8.3 Armour
 - Level 2.1 Dodging


You had 7 spell levels left.
You didn't know any spells.

Dungeon Overview and Level Annotations

Branches:
Dungeon (9/15)                Orc (2/2) D:9
 Temple: D:4-7         Lair: D:8-11         Elf: Orc:2

Altars:
Dithmenos
Elyvilon
Fedhas
Hepliaklqana
Ru
Trog
Vehumet
Xom
The Shining One
Beogh

Shops:
D:9 *


Innate Abilities, Weirdness & Mutations

You reflexively headbutt those who attack you in melee.
You have a pair of large horns on your head.
You have large cloven feet.
Potions and wands are less effective at restoring your health.


Message History

You slash the stone giant! You kick the stone giant.
The stone giant is heavily wounded.
You slice the stone giant!!
The stone giant is severely wounded.
The stone giant barely misses you.
You slash the stone giant!
You kick the stone giant, but do no damage.
The stone giant is almost dead.
The stone giant hits you!!
* * * LOW HITPOINT WARNING * * *
Unknown command.
You hit the stone giant but do no damage.
You headbutt the stone giant, but do no damage.
The stone giant is almost dead.
You hit the stone giant.
You kick the stone giant, but do no damage.
You headbutt the stone giant.
The stone giant is almost dead.
The stone giant hits you!
You die...

### #.## .# ... ...# ##.## #
.....# ####...# ### ## .......##
##.##..# ##.#### #.
..........#####......###...#.###.
.._..........###@##...##..#......
$.............#C####..#..........
.$......C........# #.<.......#...
.............##...###..).........
..............##.##..#))..#......
........#.##.## ##....#..#.......
.....(##...### ##......)[)......
...........# #.........[.....<
..###.#....## ##.#...........<.


You could see a stone giant.

Vanquished Creatures
  A troll (Orc:1)
  A hippogriff (D:9)
  A warg (Orc:2)
  3 orc warriors
  A black bear (D:7)
  An ogre (Orc:2)
  A phantom (D:9)
  A centaur (D:6)
  A scorpion (D:6)
  7 wights
  A crimson imp (D:9)
  A hound (D:9)
  4 orc priests
  Crazy Yiuf (D:3)
  A jelly (D:9)
  A worker ant (D:6)
  7 orc wizards
  2 adders
  2 adder skeletons (D:9)
  2 dart slugs
  A giant gecko (D:2)
  15 orcs
  A giant cockroach (D:2)
  A goblin (D:1)
  4 hobgoblins
  3 jackals (D:4)
  4 kobolds
  A quokka (D:2)
  3 bats (D:1)
  A giant newt (D:1)
  3 rats
77 creatures vanquished.

Notes
Turn   | Place    | Note
-------+----------+-------------------------------------------
     0 | D:1      | 4thArraOfDagon the Minotaur Berserker began the quest for the Orb.
     0 | D:1      | Reached XP level 1. HP: 19/19 MP: 0/0
    47 | D:1      | Reached XP level 2. HP: 26/26 MP: 1/1
    73 | D:2      | Reached skill level 4 in Axes
   126 | D:2      | Found a blossoming altar of Fedhas.
   128 | D:2      | Found a bloodstained altar of Trog.
   128 | D:2      | Found a white marble altar of Elyvilon.
   129 | D:2      | Reached XP level 3. HP: 31/31 MP: 2/2
   195 | D:2      | You fall through a shaft!
   202 | D:3      | Found a runed door.
   206 | D:3      | Noticed Crazy Yiuf
   211 | D:3      | Killed Crazy Yiuf
   211 | D:3      | Reached skill level 5 in Axes
   282 | D:3      | Found a sacrificial altar of Ru.
   394 | D:2      | Reached ** piety under Trog
   461 | D:3      | Reached XP level 4. HP: 36/39 MP: 3/3
   576 | D:4      | Found a hazy altar of Hepliaklqana.
   588 | D:4      | You fall through a shaft for 2 floors!
   645 | D:6      | Found a shadowy altar of Dithmenos.
   699 | D:6      | Reached skill level 6 in Axes
   699 | D:6      | Reached XP level 5. HP: 45/45 MP: 4/4
   708 | D:5      | Entered Level 5 of the Dungeon
   750 | D:6      | Noticed a centaur
   756 | D:6      | Killed a centaur
   756 | D:6      | Reached skill level 7 in Axes
   756 | D:6      | Reached XP level 6. HP: 46/51 MP: 5/5
   780 | D:6      | Reached skill level 5 in Armour
   794 | D:7      | Found a radiant altar of Vehumet.
   831 | D:7      | Reached skill level 8 in Axes
   852 | D:7      | Reached XP level 7. HP: 26/57 MP: 6/6
   855 | D:7      | Found a glowing golden altar of the Shining One.
   869 | D:7      | Found a shimmering altar of Xom.
   918 | D:9      | Noticed a hippogriff
   931 | D:9      | Killed a hippogriff
   931 | D:9      | Reached skill level 9 in Axes
   971 | D:9      | Reached XP level 8. HP: 49/64 MP: 7/7
   983 | D:9      | Found Boaceo's General Store.
   983 | D:9      | Found a staircase to the Orcish Mines.
   990 | D:9      | Bought a scroll of immolation for 49 gold pieces
   990 | D:9      | Bought a potion of mutation for 35 gold pieces
   990 | D:9      | Gained mutation: Potions and wands are less effective at restoring your health. [potion of mutation]
   990 | D:9      | Gained mutation: You have large cloven feet. [potion of mutation]
   990 | D:9      | Gained mutation: You have a pair of large horns on your head. [potion of mutation]
  1012 | Orc:1    | Entered Level 1 of the Orcish Mines
  1037 | Orc:1    | Reached skill level 10 in Axes
  1151 | Orc:2    | Entered Level 2 of the Orcish Mines
  1158 | Orc:2    | Reached *** piety under Trog
  1235 | Orc:1    | Noticed a troll
  1237 | Orc:1    | Killed a troll
  1237 | Orc:1    | Reached skill level 11 in Axes
  1276 | Orc:1    | Noticed an orc sorcerer
  1282 | Orc:1    | Noticed a hellwing
  1433 | Orc:2    | Found a roughly hewn altar of Beogh.
  1441 | Orc:2    | Noticed a stone giant
  1466 | Orc:2    | HP: 4/96 [stone giant (18)]
  1468 | Orc:2    | Slain by a stone giant

Vault maps used:
D:1:      dpeg_arrival_water_temple_mockup, minmay_misc_feat_cross,
          kennysheep_pointless_box
D:2:      minmay_door_path, grunt_temple_overflow_open, first_bread
D:3:      nicolae_ru_the_path_less_chosen, cheibriados_altar_wand_db,
          gammafunk_pakellas_its_alive, uniq_crazy_yiuf_cottage
D:4:      kennysheep_mini, grunt_ministairs_15
D:5:      nicolae_overflow_crystal_walls
D:6:      lemuel_crystal_altar, nicolae_overflow_hidden_temple,
          kb_xom_exploding_sheep
D:7:      vehumet_crystals, lemuel_doored_altar, basic_altar, the_bakery
D:8:      minmay_klotski, old_standard_altar, grunt_ministairs_10,
          kennysheep_cluttered_room, uniq_maurice, uniq_prince_ribbit1
D:9:      david_lair_generic, serial_shops, shop_fountains,
          minmay_misc_feat_tiny
Orc:2:    st_orc_elflike, basic_altar

Skill      XL: |  1  2  3  4  5  6  7  8 |
---------------+-------------------------+-----
Armour         | 3 4 5 6 8 |  8.3
Axes           | 4 5 6 7 8 9 11 | 11.8
Fighting       | |  3.6
Dodging        | |  2.1

Action                   |  1- 3 |  4- 6 |  7- 9 || total
-------------------------+-------+-------+-------++-------
Melee: Hand axe          |    52 |    54 |       ||   106
       Headbutt          |     9 |    12 |    20 ||    41
       War axe           |       |       |    79 ||    79
       Kick              |       |       |    20 ||    20
Invok: Berserk           |     2 |     4 |     8 ||    14
       Trog's Hand       |       |     1 |     2 ||     3
Evoke: Wand              |       |     3 |       ||     3
  Use: Scroll            |       |     1 |     3 ||     4
       Potion            |       |       |     1 ||     1
 Stab: Sleeping          |     1 |       |       ||     1
  Eat: Chunk             |       |     2 |     8 ||    10
       Beef jerky        |       |     1 |       ||     1
       Meat ration       |       |     1 |       ||     1
Armor: Animal skin       |     4 |       |       ||     4
       Chain mail        |     5 |    49 |    61 ||   115
       Plate armour      |       |       |    18 ||    18
Dodge: Dodged            |    28 |    27 |    50 ||   105
